 Dungeon Crawl Stone Soup version 0.17-a0-755-g4391640 (webtiles) character file.

33 oplop the Gusty (level 3, -6/19 HPs)
             Began as a Tengu Air Elementalist on Apr 23, 2015.
             Killed by divine providence
             ... invoked by an orc priest
              (13 damage)
             ... on level 3 of the Dungeon.
             The game lasted 00:02:44 (1642 turns).

oplop the Gusty (Tengu Air Elementalist)            Turns: 1642, Time: 00:02:45

Health: -6/19      AC:  2    Str:  8    XL:     3   Next: 29%
Magic:  4/7        EV: 12    Int: 16    God:
Gold:   156        SH:  0    Dex: 14    Spells: 1 memorised, 6 levels left

rFire  . . .     SeeInvis .     p - +0 dagger
rCold  . . .     Clarity  .     a - +0 robe
rNeg   . . .     SustAb   .     (no shield)
rPois  .         Gourm    .     (helmet restricted)
rElec  .         Spirit   .     (no cloak)
rCorr  .         Warding  .     (no gloves)
rMut   .         Stasis   .     (boots unavailable)
MR     .....                    (no amulet)
Stlth  ++........               (no ring)
                                (no ring)

@: very slightly contaminated, not resistant to hostile enchantments, unstealthy
A: beak, talons 3
a: no special abilities


You were on level 3 of the Dungeon.
You were hungry.

You visited 1 branch of the dungeon, and saw 3 of its levels.

You collected 156 gold pieces.

Inventory:

Hand weapons
 p - a +0 dagger (weapon)
Armour
 a - a +0 robe (worn)
Jewellery
 n - an uncursed amulet of stasis {unknown}
 s - an uncursed amulet of clarity {unknown}
 v - an uncursed ring of ice {unknown}
Scrolls
 d - a scroll of remove curse {unknown}
 e - 2 scrolls of teleportation {unknown}
 g - 4 scrolls of identify {unknown}
 h - 2 scrolls of noise {unknown}
 i - 2 scrolls of recharging {unknown}
 l - a scroll of fear {unknown}
 m - a scroll of magic mapping {unknown}
 o - a scroll of blinking {unknown}
 t - a scroll of enchant armour {unknown}
Potions
 f - a potion of agility {unknown}
 k - a potion of curing {unknown}
 r - a potion of heal wounds {unknown}
 u - a potion of flight {unknown}
 w - a potion of magic {unknown}
Books
 b - a book of Air

   Spells                             Type                      Level
   a - Shock                          Conjuration/Air              1
   b - Swiftness                      Charms/Air                   2
   c - Repel Missiles                 Charms/Air                   2
   d - Flight                         Charms/Air                   3
   e - Static Discharge               Conjuration/Air              3
   f - Lightning Bolt                 Conjuration/Air              5
Comestibles
 c - 3 bread rations
 j - a slice of pizza
 q - 2 fruits


   Skills:
 - Level 2.1 Dodging
 - Level 2.0 Stealth
 + Level 2.5 Spellcasting
 + Level 2.8 Conjurations
 + Level 4.5 Air Magic


You had 6 spell levels left.
You knew the following spells:

 Your Spells              Type           Power        Failure   Level  Hunger
a - Shock                 Conj/Air       ##..         6%          1    #......


Dungeon Overview and Level Annotations

Branches:
Dungeon (3/15)

Altars:


Innate Abilities, Weirdness & Mutations

You have a beak for a mouth.
You have claws for feet.


Message History

Confirm with . or Enter, or press ? or * to list all spells.
Aiming: Shock
Press: ? - help, Shift-Dir - straight line, f/p - orc priest
Aim: an orc priest, wielding a falchion (resting)
The zap hits the orc priest.
The orc priest is moderately wounded.
The orc priest calls down the wrath of Beogh upon you.
Something smites you!
Ouch! That really hurt!
Casting: Shock
Confirm with . or Enter, or press ? or * to list all spells.
Aiming: Shock
Press: ? - help, Shift-Dir - straight line, f/p - orc priest
Aim: an orc priest, wielding a falchion (moderately wounded)
The zap hits the orc priest.
The orc priest is heavily wounded.
The orc priest invokes the aid of Beogh against you.
Something smites you!
Ouch! That really hurt!
You die...

####..###.#
#.####### #.#<#
..........####'#####
#<#.#
#####..#...........#
###.#
##.#...........# ...
#.............# #.#
##............# ..#
#............# ###
##.#####+##########
#........@.......o
#.................
##....(..........
#..###..........
##.# #....$....s #..
#.........
...##........
#...#....... #.#
#....


You could see an orc priest and a giant cockroach (wandering).

Vanquished Creatures
  A giant gecko (D:1)
  3 ball pythons
  6 goblins
  6 hobgoblins
  2 jackals (D:1)
  2 kobolds (D:1)
  2 bats
  5 giant newts
  3 rats
30 creatures vanquished.

Notes
Turn   | Place    | Note
--------------------------------------------------------------
     0 | D:1      | oplop, the Tengu Air Elementalist, began the quest for the Orb.
     0 | D:1      | Reached XP level 1. HP: 10/10 MP: 4/4
     2 | D:1      | Noticed a gargoyle
     2 | D:1      | Noticed a troll
     4 | D:1      | Noticed a felid
     4 | D:1      | Noticed a spriggan
     6 | D:1      | Noticed a minotaur
     6 | D:1      | Noticed a human
     8 | D:1      | Noticed a vine stalker
    10 | D:1      | Noticed an octopode
    10 | D:1      | Noticed a dwarf
    12 | D:1      | Noticed a tengu
    12 | D:1      | Noticed a merfolk
    14 | D:1      | Noticed a ghoul
    14 | D:1      | Noticed an elf
    16 | D:1      | Noticed a draconian
    18 | D:1      | Noticed a demonspawn
    20 | D:1      | Noticed a naga
    20 | D:1      | Noticed a demigod
    22 | D:1      | Noticed a vampire
    22 | D:1      | Noticed a centaur
    26 | D:1      | Noticed a formicid
    26 | D:1      | Noticed an ogre
   159 | D:1      | Reached XP level 2. HP: 12/15 MP: 0/6
   804 | D:2      | Reached XP level 3. HP: 19/19 MP: 2/7
  1642 | D:3      | Killed from afar by an orc priest

Action                   || total
-------------------------++-------
Melee: Unarmed           ||     4
       Dagger            ||    16
 Cast: Shock             ||    55
 Stab: Sleeping          ||     1
  Eat: Chunk             ||     2
